[Event "ICC tourney 2552 (3 2)"]
[Site "Internet Chess Club"]
[Date "2021.05.07"]
[Round "2"]
[White "SINGH, JIYAN:K03-16360523"]
[Black "GILL, NEEV:K05-30079117"]
[Result "1-0"]
[ICCResult "Black checkmated"]
[WhiteElo "1400"]
[BlackElo "1400"]
[Opening "Giuoco Piano: Greco's attack"]
[ECO "C54"]
[NIC "IG.02"]
[Time "18:30:04"]
[PlyCount "77"]
[TimeControl "180+2"]

1. e4 e5 2. Nf3 Nc6 3. Bc4 Bc5 4. c3 Nf6 5. d4 exd4 6. cxd4 Bb4+ 7. Nc3
Bxc3+ 8. bxc3 Nxe4 9. O-O Nxc3 10. Re1+ Ne7 11. Qc2 d5 12. Bd3 Ne4 13. Bxe4
dxe4 14. Rxe4 b6 15. Ba3 O-O 16. Bxe7 Qd7 17. Bxf8 Bb7 18. Re3 Rxf8 19. Rc1
Rc8 20. Rc3 c6 21. Ne5 Qe7 22. Nxc6 Rxc6 23. Rxc6 Bxc6 24. Qxc6 b5 25. Qc8+
Qf8 26. Qxf8+ Kxf8 27. Re1 a5 28. d5 b4 29. d6 f5 30. d7 Kf7 31. d8=Q a4
32. Qe7+ Kg6 33. Qxb4 Kg5 34. Qd2+ Kf6 35. Qd6+ Kg5 36. Qe7+ Kh5 37. Qxg7
f4 38. Re5+ Kh4 39. Qg5# { Black checkmated } 1-0

[Event "ICC tourney 2552 (3 2)"]
[Site "Internet Chess Club"]
[Date "2021.05.07"]
[Round "2"]
[White "WATANABE NUNEZ, RYUTA:K03-17015848"]
[Black "VENKATASAI TIRUMALA, ADVAY:K06-15821575"]
[Result "0-1"]
[ICCResult "White forfeits on time"]
[WhiteElo "1400"]
[BlackElo "1400"]
[Opening "Four knights game"]
[ECO "C47"]
[NIC "KP.06"]
[Time "18:30:05"]
[PlyCount "50"]
[TimeControl "180+2"]

1. e4 e5 2. Nf3 Nc6 3. Nc3 Nf6 4. d3 h6 5. Be3 Bb4 6. a3 Bxc3+ 7. bxc3 O-O
8. Be2 d6 9. O-O Be6 10. d4 exd4 11. cxd4 d5 12. e5 Ne4 13. Bd2 f6 14. Bd3
Nxd2 15. Qxd2 fxe5 16. dxe5 Bg4 17. Qe2 Bxf3 18. gxf3 Qg5+ 19. Kh1 Nxe5 20.
Rg1 Qf6 21. c4 dxc4 22. Bxc4+ Kh8 23. Rg3 Nxf3 24. Bd5 Qxa1+ 25. Kg2 Qg1+ {
White forfeits on time } 0-1

[Event "ICC tourney 2552 (3 2)"]
[Site "Internet Chess Club"]
[Date "2021.05.07"]
[Round "2"]
[White "LINGISHETTY, ISHAAN:K05-16449486"]
[Black "J KUMBHARE, SHLOK:K01-30055831"]
[Result "0-1"]
[ICCResult "White forfeits on time"]
[WhiteElo "1400"]
[BlackElo "1400"]
[Opening "Giuoco Piano"]
[ECO "C54"]
[NIC "IG.02"]
[Time "18:29:18"]
[PlyCount "74"]
[TimeControl "180+2"]

1. e4 e5 2. Nf3 Nc6 3. Bc4 Bc5 4. c3 Nf6 5. d4 exd4 6. cxd4 Bb4+ 7. Bd2
Bxd2+ 8. Nbxd2 O-O 9. O-O d5 10. exd5 Nxd5 11. Re1 Be6 12. Qb3 b6 13. Rac1
Qd7 14. Bb5 Nf4 15. Qc3 Bd5 16. Bxc6 Bxc6 17. Qxc6 Qxc6 18. Rxc6 Rac8 19.
Ne4 Nd3 20. Rd1 Nxb2 21. Rb1 Nd3 22. Rb3 Nf4 23. Kf1 f5 24. Neg5 h6 25. Ne6
Rf6 26. d5 Nxd5 27. Rb5 Ne7 28. Rxc7 Rxe6 29. Rxc8+ Nxc8 30. Rb3 g5 31. Rc3
Nd6 32. Rc6 Kf7 33. Rc7+ Kf6 34. Rc6 g4 35. Nd4 Re7 36. Rxd6+ Ke5 37. Rd8
Rc7 { White forfeits on time } 0-1

[Event "ICC tourney 2552 (3 2)"]
[Site "Internet Chess Club"]
[Date "2021.05.07"]
[Round "2"]
[White "VELLORE, INAY:K05-15913368"]
[Black "KEEL, MYLAN:K05-17256996"]
[Result "1-0"]
[ICCResult "Black checkmated"]
[WhiteElo "1400"]
[BlackElo "968"]
[Opening "Philidor's defense"]
[ECO "C41"]
[NIC "KP.08"]
[Time "18:29:47"]
[PlyCount "69"]
[TimeControl "180+2"]

1. e4 e5 2. Nf3 d6 3. d4 Nc6 4. dxe5 Nxe5 5. Nxe5 dxe5 6. Qxd8+ Kxd8 7. Nc3
Nf6 8. Bg5 Be7 9. O-O-O+ Bd7 10. Bxf6 Bxf6 11. Nd5 Bg5+ 12. Ne3 Ke8 13. h4
Bf4 14. g3 Bxe3+ 15. fxe3 Bg4 16. Rd2 Bf3 17. Rg1 Bxe4 18. Bh3 Rc8 19. Bxc8
Ke7 20. Bh3 Rd8 21. Rxd8 Kxd8 22. Rd1+ Ke7 23. g4 Bf3 24. Rd2 c6 25. g5 f6
26. Rd7+ Ke8 27. gxf6 gxf6 28. Rxb7 c5 29. Rxh7 Be4 30. Rxa7 f5 31. h5 f4
32. exf4 exf4 33. h6 f3 34. h7 f2 35. h8=Q# { Black checkmated } 1-0

[Event "ICC tourney 2552 (3 2)"]
[Site "Internet Chess Club"]
[Date "2021.05.07"]
[Round "2"]
[White "RAMOS, ENEKO:K03-17254277"]
[Black "GOLDEL, ADAM:K06-30160029"]
[Result "0-1"]
[ICCResult "White forfeits on time"]
[WhiteElo "1400"]
[BlackElo "1400"]
[Opening "QGA: 3.e4"]
[ECO "D20"]
[NIC "QG.04"]
[Time "18:29:19"]
[PlyCount "60"]
[TimeControl "180+2"]

1. d4 d5 2. c4 dxc4 3. e4 b6 4. Bxc4 Nh6 5. Nh3 e5 6. d5 Bc5 7. Qf3 O-O 8.
Bxh6 gxh6 9. Qg3+ Kh8 10. Qxe5+ Kg8 11. Nf4 Re8 12. Qc3 Rxe4+ 13. Kf1 Bd4
14. Qg3+ Kf8 15. Nh5 Bxb2 16. Qf3 Rxc4 17. Nf6 Rc1+ 18. Ke2 Rxh1 19. Nxh7+
Kg8 20. Nf6+ Kf8 21. Qh5 Bxa1 22. Qxh6+ Ke7 23. Ng8+ Qxg8 24. Qe3+ Kd6 25.
Qg3+ Kxd5 26. Qxg8 Be6 27. Qd8+ Kc6 28. Nd2 a5 29. Nb3 b5 30. Nd4+ Kc5 {
White forfeits on time } 0-1

[Event "ICC tourney 2552 (3 2)"]
[Site "Internet Chess Club"]
[Date "2021.05.07"]
[Round "2"]
[White "MANAV, RAYHAN:K06-30167023"]
[Black "LIU, ALEC:K03-30020673"]
[Result "0-1"]
[ICCResult "White forfeits on time"]
[WhiteElo "1400"]
[BlackElo "1400"]
[Opening "Queen's pawn, Mason variation"]
[ECO "D00"]
[NIC "QP.08"]
[Time "18:30:27"]
[PlyCount "48"]
[TimeControl "180+2"]

1. d4 d5 2. Bf4 Nf6 3. Nc3 Nc6 4. e3 e6 5. Bd3 Bd7 6. Nce2 Bd6 7. g3 Qe7 8.
Nc3 O-O 9. Qd2 a5 10. O-O-O a4 11. b3 b5 12. bxa4 bxa4 13. Nf3 Bxf4 14.
exf4 Nb8 15. h4 Ra5 16. Nxd5 exd5 17. Qxa5 Nc6 18. Qxc7 Rc8 19. Qa5 Nxa5
20. Ba6 Ra8 21. Bb7 Nxb7 22. Rde1 Qd8 23. Ne5 Bf5 24. Nc6 Qd6 { White
forfeits on time } 0-1

[Event "ICC tourney 2552 (3 2)"]
[Site "Internet Chess Club"]
[Date "2021.05.07"]
[Round "2"]
[White "ZHANG, RYAN:K06-16485982"]
[Black "PARHAR, OJAS:K03-16452028"]
[Result "1-0"]
[ICCResult "Black forfeits on time"]
[WhiteElo "1400"]
[BlackElo "1400"]
[Opening "Sicilian: closed"]
[ECO "B23"]
[NIC "SI.44"]
[Time "18:29:16"]
[PlyCount "51"]
[TimeControl "180+2"]

1. e4 c5 2. Nc3 e6 3. f4 Nc6 4. Nf3 Nf6 5. Bc4 Be7 6. d3 O-O 7. O-O d5 8.
exd5 exd5 9. Bb3 Bg4 10. h3 Bh5 11. Qe1 Qb6 12. Kh1 Nb4 13. Qh4 Bg6 14. a3
c4 15. dxc4 dxc4 16. axb4 cxb3 17. cxb3 Qxb4 18. Be3 Qxb3 19. Ng5 h6 20.
Nf3 Qxb2 21. Ne2 Qxe2 22. Bg1 Rad8 23. Rfe1 Qc2 24. Rxe7 Qb2 25. Ree1 Qc2
26. Ne5 { Black forfeits on time } 1-0

[Event "ICC tourney 2552 (3 2)"]
[Site "Internet Chess Club"]
[Date "2021.05.07"]
[Round "2"]
[White "LIN, MICHAEL:K01-17281737"]
[Black "PUROHIT, VIHAAN:K05-16766058"]
[Result "1-0"]
[ICCResult "Black forfeits on time"]
[WhiteElo "1400"]
[BlackElo "1400"]
[Opening "French: exchange variation"]
[ECO "C01"]
[NIC "FR.01"]
[Time "18:30:03"]
[PlyCount "51"]
[TimeControl "180+2"]

1. e4 e6 2. d4 d5 3. exd5 exd5 4. Nc3 Nf6 5. Nf3 Bd6 6. Bd3 c6 7. Ne5 O-O
8. O-O Re8 9. Re1 c5 10. dxc5 Bxe5 11. Qf3 Bxh2+ 12. Kxh2 Rxe1 13. b4 Nc6
14. b5 Nd4 15. Qf4 Ng4+ 16. Kg3 Qf6 17. Qd2 Qe5+ 18. f4 Nf5+ 19. Kxg4 Ne3+
20. Kf3 Nc4 21. Bxc4 Bg4+ 22. Kxg4 dxc4 23. fxe5 Rxe5 24. Qf4 Rae8 25. Bd2
h5+ 26. Kg3 { Black forfeits on time } 1-0

[Event "ICC tourney 2552 (3 2)"]
[Site "Internet Chess Club"]
[Date "2021.05.07"]
[Round "2"]
[White "MINAYA LEMONDS, IBAI:K01-30033467"]
[Black "HUANG, VICTORIA:K03-30165098"]
[Result "1-0"]
[ICCResult "Black checkmated"]
[WhiteElo "1400"]
[BlackElo "1400"]
[Opening "Four knights: Italian variation"]
[ECO "C47"]
[NIC "KP.06"]
[Time "18:29:34"]
[PlyCount "91"]
[TimeControl "180+2"]

1. e4 e5 2. Nf3 Nc6 3. Nc3 Nf6 4. Bc4 d6 5. Ng5 d5 6. exd5 Nxd5 7. Nxf7 Qe7
8. Nxh8 Nxc3 9. bxc3 Be6 10. Bxe6 Qxe6 11. d4 exd4+ 12. Qe2 Qxe2+ 13. Kxe2
dxc3 14. Rb1 O-O-O 15. Nf7 Rd6 16. Nxd6+ cxd6 17. Bf4 d5 18. Rbd1 Ba3 19.
Rxd5 Nd4+ 20. Rxd4 b5 21. Rb1 h6 22. Rxb5 g5 23. Rbd5 gxf4 24. Rd8+ Kc7 25.
R8d7+ Kb6 26. R4d5 Kc6 27. R7d6+ Kc7 28. Rd7+ Kb6 29. g3 fxg3 30. hxg3 h5
31. f4 a6 32. Rd3 Bc1 33. Rxc3 Bxf4 34. gxf4 h4 35. Rh7 a5 36. Rxh4 Kb5 37.
Rhh3 a4 38. Rhf3 Kb4 39. Rce3 Kc4 40. f5 Kd5 41. f6 Kd6 42. f7 Kd7 43. f8=Q
Kc7 44. Qf6 Kd7 45. Re7+ Kc8 46. Qf8# { Black checkmated } 1-0

[Event "ICC tourney 2552 (3 2)"]
[Site "Internet Chess Club"]
[Date "2021.05.07"]
[Round "2"]
[White "HOJA, SAEED:K01-17050607"]
[Black "WANG, EVAN:K03-30117653"]
[Result "1-0"]
[ICCResult "Black forfeits on time"]
[WhiteElo "1400"]
[BlackElo "1400"]
[Opening "French: advance, Euwe variation"]
[ECO "C02"]
[NIC "FR.03"]
[Time "18:28:56"]
[PlyCount "55"]
[TimeControl "180+2"]

1. e4 e6 2. d4 d5 3. e5 c5 4. c3 Nc6 5. Nf3 Bd7 6. Be3 cxd4 7. Bxd4 g6 8.
Qb3 b6 9. Bd3 Nge7 10. Nbd2 Bg7 11. c4 Nxd4 12. Nxd4 Bxe5 13. N2f3 Bg7 14.
cxd5 Nxd5 15. Nb5 O-O 16. O-O Nf4 17. Bc4 Bxb5 18. Bxb5 Rc8 19. Rad1 Qe7
20. Rb1 Rc5 21. Bc4 Qc7 22. Bd3 Nxd3 23. Qxd3 Rc2 24. Nd4 Bxd4 25. Qxd4 Rd8
26. Qe4 f5 27. Qf3 Rcd2 28. Qe3 { Black forfeits on time } 1-0

[Event "ICC tourney 2552 (3 2)"]
[Site "Internet Chess Club"]
[Date "2021.05.07"]
[Round "2"]
[White "DEEPAK GOWDA, DHRUV:K01-30155284"]
[Black "WANG, OLLI:K06-17042860"]
[Result "0-1"]
[ICCResult "White forfeits on time"]
[WhiteElo "1400"]
[BlackElo "1400"]
[Opening "Caro-Kann: advance variation"]
[ECO "B12"]
[NIC "CK.04"]
[Time "18:29:22"]
[PlyCount "48"]
[TimeControl "180+2"]

1. e4 c6 2. d4 d5 3. e5 Bf5 4. f4 e6 5. Nf3 c5 6. c3 Nc6 7. b3 Qa5 8. a3
Bxb1 9. Rxb1 Qxc3+ 10. Bd2 Qd3 11. Bxd3 cxd4 12. Bb5 Ne7 13. Nxd4 a6 14.
Bxc6+ Nxc6 15. Nxc6 bxc6 16. Rc1 Bxa3 17. Rxc6 O-O 18. Qa1 Be7 19. O-O Rfb8
20. Rfc1 h6 21. Qb1 a5 22. Rc7 Bf8 23. Rd7 a4 24. Rcc7 axb3 { White
forfeits on time } 0-1

[Event "ICC tourney 2552 (3 2)"]
[Site "Internet Chess Club"]
[Date "2021.05.07"]
[Round "2"]
[White "GRESHAM, JOB:K05-16440438"]
[Black "CHEN, LAFAYETTE:K05-16910808"]
[Result "1-0"]
[ICCResult "Black forfeits on time"]
[WhiteElo "1400"]
[BlackElo "1529"]
[Opening "Sicilian, Chekhover variation"]
[ECO "B53"]
[NIC "SI.02"]
[Time "18:29:05"]
[PlyCount "73"]
[TimeControl "180+2"]

1. e4 c5 2. Nf3 d6 3. d4 cxd4 4. Qxd4 Nc6 5. Bb5 Bd7 6. Bxc6 Bxc6 7. Nc3
Nf6 8. O-O g6 9. Re1 Bg7 10. Bg5 O-O 11. Re2 Qc7 12. Rae1 Rac8 13. e5 dxe5
14. Nxe5 Rfd8 15. Qe3 Nd5 16. Nxd5 Bxd5 17. Qxa7 f6 18. Bxf6 exf6 19. Nd3
Re8 20. Rxe8+ Rxe8 21. Rxe8+ Kf7 22. Re1 Qxc2 23. Nb4 Qd2 24. Qe3 Qxe3 25.
Rxe3 Be6 26. a3 f5 27. g3 Bxb2 28. a4 Bd4 29. Rd3 Bc5 30. Nd5 Bd7 31. Rc3
Bd6 32. a5 Bc6 33. Nb6 Bb4 34. Rc1 Bxa5 35. Nc4 Bd8 36. Nd6+ Kg7 37. Rd1 {
Black forfeits on time } 1-0

[Event "ICC tourney 2552 (3 2)"]
[Site "Internet Chess Club"]
[Date "2021.05.07"]
[Round "2"]
[White "LAI, NATHANIEL:K03-30158093"]
[Black "LIU, LUCAS:K01-30018042"]
[Result "0-1"]
[ICCResult "White forfeits on time"]
[WhiteElo "1400"]
[BlackElo "1400"]
[Opening "Sicilian: closed, 2...Nc6"]
[ECO "B23"]
[NIC "SI.44"]
[Time "18:29:33"]
[PlyCount "54"]
[TimeControl "180+2"]

1. e4 c5 2. Nc3 Nc6 3. Nf3 Nf6 4. Bc4 e6 5. Ng5 Be7 6. d3 O-O 7. O-O a6 8.
Bf4 b5 9. Nxe6 dxe6 10. Bb3 a5 11. a4 b4 12. Nb5 Nd4 13. Nc7 Ra7 14. c3
Nxb3 15. Qxb3 Rxc7 16. Bxc7 Qxc7 17. g3 Bb7 18. Rfe1 Bd6 19. Re3 e5 20. d4
exd4 21. cxd4 cxd4 22. Rd3 Bxe4 23. Rxd4 Bc6 24. Rh4 Ne4 25. Qe3 f5 26. f3
Nc5 27. Rh5 Qe7 { White forfeits on time } 0-1

[Event "ICC tourney 2552 (3 2)"]
[Site "Internet Chess Club"]
[Date "2021.05.07"]
[Round "2"]
[White "CHAO, MATTHEW:K01-30069592"]
[Black "KAUR, JIND:K05-15724996"]
[Result "1-0"]
[ICCResult "Black forfeits on time"]
[WhiteElo "1400"]
[BlackElo "1400"]
[Opening "Sicilian defense"]
[ECO "B20"]
[NIC "SI.48"]
[Time "18:30:07"]
[PlyCount "57"]
[TimeControl "180+2"]

1. e4 c5 2. Bc4 Nf6 3. Nc3 g6 4. d3 Bg7 5. Be3 d6 6. Nf3 O-O 7. O-O Bg4 8.
h3 Be6 9. Bxe6 fxe6 10. e5 Nh5 11. exd6 exd6 12. d4 cxd4 13. Bxd4 Nf4 14.
Bxg7 Kxg7 15. Qd4+ Kg8 16. Rfe1 Nc6 17. Qe3 Qf6 18. Ne2 Nd5 19. Qg5 Qxb2
20. Qd2 Qf6 21. Rab1 Ne5 22. Nxe5 Qxf2+ 23. Kh1 Ne3 24. Rg1 dxe5 25. Rxb7
Rad8 26. Qe1 Nxc2 27. Qxf2 Rxf2 28. Nc3 Ne3 29. Rxa7 { Black forfeits on
time } 1-0

[Event "ICC tourney 2552 (3 2)"]
[Site "Internet Chess Club"]
[Date "2021.05.07"]
[Round "2"]
[White "JAIN, VARYAN:K06-15858144"]
[Black "LIU, HEMING:K03-17283651"]
[Result "0-1"]
[ICCResult "White forfeits on time"]
[WhiteElo "1400"]
[BlackElo "1400"]
[Opening "Queen's pawn, Mason variation"]
[ECO "D82"]
[NIC "QP.08"]
[Time "18:30:19"]
[PlyCount "52"]
[TimeControl "180+2"]

1. d4 d5 2. Bf4 Nf6 3. e3 g6 4. c4 Bg7 5. Nc3 e6 6. Nf3 O-O 7. Bd3 b6 8.
O-O Bb7 9. Qc2 Nbd7 10. Ne5 Nxe5 11. Bxe5 c5 12. cxd5 exd5 13. dxc5 bxc5
14. Nb5 Re8 15. Bg3 Re7 16. Qxc5 Rc8 17. Qxa7 d4 18. exd4 Bxg2 19. Kxg2
Rxa7 20. Nxa7 Ra8 21. Nc6 Qd5+ 22. f3 Qxc6 23. Be5 Rd8 24. Bxf6 Qxf6 25.
Be4 Qxd4 26. Rac1 Qxb2+ { White forfeits on time } 0-1

[Event "ICC tourney 2552 (3 2)"]
[Site "Internet Chess Club"]
[Date "2021.05.07"]
[Round "2"]
[White "MUKHERJEE, SATHVIK:K03-30065329"]
[Black "XUE, JACK:K03-17241051"]
[Result "0-1"]
[ICCResult "White checkmated"]
[WhiteElo "1400"]
[BlackElo "1348"]
[Opening "French defense"]
[ECO "C00"]
[NIC "FR.01"]
[Time "18:29:08"]
[PlyCount "136"]
[TimeControl "180+2"]

1. e4 e6 2. Nf3 d5 3. exd5 exd5 4. Qe2+ Be6 5. d4 c5 6. c3 Nc6 7. Be3 Qb6
8. Na3 Nf6 9. Rb1 cxd4 10. cxd4 Bxa3 11. Qc2 Bb4+ 12. Bd2 Bxd2+ 13. Qxd2
Ne4 14. Qd3 Nb4 15. Qb5+ Bd7 16. Qxb6 axb6 17. Rg1 Nc2+ 18. Kd1 Nb4 19. Ke2
Bb5+ 20. Ke3 Nc2+ 21. Kf4 Bd7 22. Rc1 Rc8 23. Bd3 Nb4 24. Rxc8+ Bxc8 25.
Bxe4 dxe4 26. Kxe4 f5+ 27. Kf4 Nxa2 28. Rd1 Nb4 29. d5 O-O 30. d6 Rd8 31.
h3 Be6 32. Ng5 Nd5+ 33. Ke5 Re8 34. Nxe6 Kf7 35. Rxd5 Rxe6+ 36. Kxf5 g6+
37. Kg4 Ke8 38. Kf4 Re2 39. d7+ Kd8 40. Kf3 Rxb2 41. Ke3 Rc2 42. Rd1 Rc7
43. Rd4 Rxd7 44. Rxd7+ Kxd7 45. Kd4 Kd6 46. Kc4 Ke5 47. f3 Kf4 48. Kb5 Kg3
49. Kxb6 Kxg2 50. Kxb7 Kxf3 51. Kc7 Kg3 52. Kd6 Kxh3 53. Ke5 g5 54. Kf5 g4
55. Kg5 g3 56. Kf4 h5 57. Kg5 h4 58. Kf4 Kg2 59. Kg4 h3 60. Kh4 h2 61. Kg4
Kf2 62. Kh3 h1=Q+ 63. Kg4 g2 64. Kf5 g1=Q 65. Ke6 Qg5 66. Kd6 Qhh6+ 67. Kd7
Qgg7+ 68. Kc8 Qhh8# { White checkmated } 0-1

[Event "ICC tourney 2552 (3 2)"]
[Site "Internet Chess Club"]
[Date "2021.05.07"]
[Round "2"]
[White "CHETLAPALLI, VISHNU:K01-30144870"]
[Black "XAVIER KIM, EVEREST:K05-17350711"]
[Result "1-0"]
[ICCResult "Black forfeits on time"]
[WhiteElo "1400"]
[BlackElo "1400"]
[Opening "Vienna: Paulsen variation"]
[ECO "C25"]
[NIC "VG.04"]
[Time "18:30:27"]
[PlyCount "51"]
[TimeControl "180+2"]

1. e4 e5 2. Nc3 Nc6 3. g3 d6 4. Bg2 Nf6 5. Nge2 Be6 6. O-O d5 7. exd5 Bxd5
8. Bxd5 Nxd5 9. d3 Nxc3 10. Nxc3 Nd4 11. Be3 Bb4 12. Bxd4 exd4 13. Re1+ Be7
14. Ne4 O-O 15. Qe2 Bb4 16. c3 dxc3 17. bxc3 Ba3 18. Nd2 Qd5 19. c4 Qa5 20.
Nb3 Qc3 21. Nd2 Bb2 22. Rad1 Qf6 23. Ne4 Qc6 24. d4 Ba3 25. d5 Qa4 26. Nc3
{ Black forfeits on time } 1-0

[Event "ICC tourney 2552 (3 2)"]
[Site "Internet Chess Club"]
[Date "2021.05.07"]
[Round "2"]
[White "SIDDHARTH GOVINDARAJULA, PRANAY:K06-17345554"]
[Black "WANG, ETHAN:K05-15914623"]
[Result "0-1"]
[ICCResult "White resigns"]
[WhiteElo "1400"]
[BlackElo "1400"]
[Opening "Grünfeld defense"]
[ECO "D85"]
[NIC "GI.03"]
[Time "18:29:06"]
[PlyCount "106"]
[TimeControl "180+2"]

1. d4 d5 2. c4 Nf6 3. Nc3 g6 4. cxd5 Bg7 5. e4 c6 6. dxc6 Nxc6 7. Nf3 O-O
8. Be3 Qa5 9. Bd2 Nb4 10. Be2 Bg4 11. O-O Rad8 12. a3 Nc6 13. e5 Nd7 14. d5
Ncxe5 15. Nxe5 Bxe2 16. Qxe2 Nxe5 17. Rfe1 Qc7 18. Bf4 f6 19. Rac1 Qb8 20.
Na4 Rxd5 21. Rcd1 Qd8 22. Rxd5 Qxd5 23. Nc3 Qd4 24. Be3 Qd6 25. Bxa7 Rc8
26. Rd1 Qc7 27. Nd5 Qd8 28. Nxf6+ Bxf6 29. Rxd8+ Rxd8 30. f4 Nc6 31. Qe6+
Kf8 32. Be3 Rd1+ 33. Kf2 Bxb2 34. f5 Bd4 35. fxg6 hxg6 36. Qxg6 Bxe3+ 37.
Kxe3 Re1+ 38. Kd2 Re5 39. Qh6+ Ke8 40. Qh8+ Kd7 41. Qh3+ e6 42. g4 Nd4 43.
Qd3 Rd5 44. Qh7+ Kd6 45. Ke3 Nb5 46. g5 Rxg5 47. h4 Rg1 48. h5 Nxa3 49.
Qd3+ Ke7 50. Qxa3+ Kf7 51. h6 Rg3+ 52. Kf4 Rxa3 53. Kg5 Rh3 { White resigns
} 0-1

[Event "ICC tourney 2552 (3 2)"]
[Site "Internet Chess Club"]
[Date "2021.05.07"]
[Round "2"]
[White "JHA, SHIVEN:K05-30166269"]
[Black "THERESA VIJAYRAM, VANEESHA:K05-16365598"]
[Result "1-0"]
[ICCResult "Black forfeits on time"]
[WhiteElo "1085"]
[BlackElo "1400"]
[Opening "King's pawn game"]
[ECO "C44"]
[NIC "KP.07"]
[Time "18:29:19"]
[PlyCount "61"]
[TimeControl "180+2"]

1. e4 e5 2. Nf3 Nc6 3. d3 Nf6 4. Nc3 Bb4 5. a3 Bxc3+ 6. bxc3 d6 7. Bg5 h6
8. Be3 Be6 9. d4 exd4 10. cxd4 Bg4 11. d5 Ne5 12. Be2 Nxf3+ 13. Bxf3 Bxf3
14. Qxf3 Qe7 15. O-O-O O-O-O 16. Bd4 Rhg8 17. Qb3 b6 18. a4 Qxe4 19. Be3
Qxg2 20. Rdg1 Qxd5 21. Qc3 Ne4 22. Qb4 c5 23. Qb5 Nc3 24. Qa6+ Qb7 25. Qc4
Nd5 26. Bd2 Rde8 27. Re1 Qc6 28. Rxe8+ Rxe8 29. Be1 Nb4 30. Bxb4 Qxh1+ 31.
Kb2 { Black forfeits on time } 1-0

[Event "ICC tourney 2552 (3 2)"]
[Site "Internet Chess Club"]
[Date "2021.05.07"]
[Round "2"]
[White "HOLBROOK, WILLIAM:K01-30066196"]
[Black "LIU, NATHAN:K03-30166452"]
[Result "1/2-1/2"]
[ICCResult "Game drawn by mutual agreement"]
[WhiteElo "1400"]
[BlackElo "1400"]
[Opening "Queen's pawn: Charlick (Englund) gambit"]
[ECO "A40"]
[NIC "QO.17"]
[Time "18:30:48"]
[PlyCount "52"]
[TimeControl "180+2"]

1. d4 e5 2. dxe5 Bc5 3. Nf3 d6 4. exd6 Ne7 5. Nc3 Qxd6 6. Qxd6 Bxd6 7. e3
O-O 8. Bd3 Nbc6 9. Be4 a5 10. O-O Bg4 11. Bd2 Bd7 12. Nd5 Nxd5 13. Bxd5 h6
14. Bc3 Rab8 15. Rfd1 b6 16. Nd4 Nxd4 17. Bxd4 c5 18. Bc3 b5 19. Bxf7+ Rxf7
20. Rxd6 g5 21. Rg6+ Kf8 22. Bg7+ Rxg7 23. Rf6+ Rf7 24. Rd6 h5 25. Rg6 Rg7
26. Rh6 Be8 { Game drawn by mutual agreement } 1/2-1/2

[Event "ICC tourney 2552 (3 2)"]
[Site "Internet Chess Club"]
[Date "2021.05.07"]
[Round "2"]
[White "ZHANG, ETHAN:K03-16683342"]
[Black "MAASAI DANIELS, INDIGO:K05-30096534"]
[Result "1-0"]
[ICCResult "Black forfeits on time"]
[WhiteElo "1400"]
[BlackElo "1400"]
[Opening "King's Indian: Smyslov system"]
[ECO "E61"]
[NIC "KI.80"]
[Time "18:30:05"]
[PlyCount "57"]
[TimeControl "180+2"]

1. d4 Nf6 2. c4 g6 3. Nc3 Bg7 4. Bg5 d6 5. Nf3 Bg4 6. h3 Bxf3 7. exf3 Nbd7
8. Qb3 Qc8 9. Be2 h6 10. Be3 e5 11. d5 Nb6 12. Bxb6 axb6 13. O-O O-O 14.
Ne4 Qf5 15. Bd3 Qh5 16. Ng3 Qg5 17. Qc2 Nh5 18. Nxh5 Qxh5 19. Rfe1 f5 20.
a3 Rae8 21. Be2 f4 22. Bd3 Rf6 23. Qa4 c6 24. dxc6 bxc6 25. Qxc6 Ref8 26.
Qxb6 g5 27. Qb5 Qf7 28. c5 d5 29. Rxe5 { Black forfeits on time } 1-0

[Event "ICC tourney 2552 (3 2)"]
[Site "Internet Chess Club"]
[Date "2021.05.07"]
[Round "2"]
[White "LI, ALBERT:K01-30047481"]
[Black "GALLEGE, REHAN:K05-16946930"]
[Result "1-0"]
[ICCResult "Black forfeits on time"]
[WhiteElo "1400"]
[BlackElo "1400"]
[Opening "French: advance, Paulsen attack"]
[ECO "C02"]
[NIC "FR.03"]
[Time "18:30:27"]
[PlyCount "63"]
[TimeControl "180+2"]

1. e4 e6 2. d4 d5 3. e5 c5 4. c3 Nc6 5. Nf3 Qb6 6. a3 cxd4 7. cxd4 Nh6 8.
Nc3 Nf5 9. Na4 Qa5+ 10. Nc3 a6 11. Bf4 b5 12. b4 Qb6 13. Ne2 a5 14. bxa5
Rxa5 15. Qd3 b4 16. a4 Ba6 17. Qd1 Bxe2 18. Bxe2 Ncxd4 19. Nxd4 Nxd4 20.
Bb5+ Nxb5 21. axb5 Qxb5 22. Rc1 Ra8 23. Qc2 b3 24. Qb2 Ba3 25. Qb1 Bxc1 26.
Qxc1 b2 27. Qb1 Ra1 28. Kd2 Rxb1 29. Rxb1 O-O 30. Be3 Rc8 31. Bd4 Qb4+ 32.
Ke3 { Black forfeits on time } 1-0

[Event "ICC tourney 2552 (3 2)"]
[Site "Internet Chess Club"]
[Date "2021.05.07"]
[Round "2"]
[White "MUTHUKUMARAN, ARJUN:K03-30018527"]
[Black "GRACE KINNEY, ELLA:K06-16939048"]
[Result "0-1"]
[ICCResult "White forfeits on time"]
[WhiteElo "1400"]
[BlackElo "1400"]
[Opening "Queen's pawn, Mason variation"]
[ECO "D00"]
[NIC "QP.08"]
[Time "18:29:01"]
[PlyCount "100"]
[TimeControl "180+2"]

1. d4 d5 2. Bf4 Nf6 3. e3 e6 4. Nf3 c5 5. c3 cxd4 6. exd4 Nc6 7. Bd3 Bd6 8.
Ne5 Qc7 9. O-O Nxe5 10. dxe5 Bxe5 11. Bxe5 Qxe5 12. Re1 Qh5 13. Nd2 Qxd1
14. Raxd1 O-O 15. Nf3 b6 16. Ne5 Bb7 17. f4 Rfd8 18. Bb5 a6 19. Bc6 Bxc6
20. Nxc6 Re8 21. Ne5 Rad8 22. Nc6 Rd6 23. Ne5 Nd7 24. Nc4 Rc6 25. Ne5 Nxe5
26. Rxe5 Rc5 27. b4 Rxc3 28. Rdxd5 Rc1+ 29. Kf2 f6 30. Re2 exd5 31. Rxe8+
Kf7 32. Rb8 b5 33. Rb6 Rc2+ 34. Kg3 Rxa2 35. Rd6 Ra4 36. Rxd5 Rxb4 37. Rd7+
Kg6 38. Ra7 Ra4 39. h4 b4 40. h5+ Kh6 41. Kh4 b3 42. g4 Rxf4 43. Rxa6 Rb4
44. Ra1 b2 45. Rb1 f5 46. Kg3 fxg4 47. Kg2 Kxh5 48. Kg3 Kg5 49. Kf2 h5 50.
Kg2 h4 { White forfeits on time } 0-1

[Event "ICC tourney 2552 (3 2)"]
[Site "Internet Chess Club"]
[Date "2021.05.07"]
[Round "2"]
[White "ZHENG, EVAN:K03-30057791"]
[Black "BALAMURUGAN, ABHIJAY:K05-16913354"]
[Result "0-1"]
[ICCResult "White forfeits on time"]
[WhiteElo "1400"]
[BlackElo "1493"]
[Opening "Giuoco Piano"]
[ECO "C50"]
[NIC "IG.02"]
[Time "18:30:18"]
[PlyCount "102"]
[TimeControl "180+2"]

1. e4 e5 2. Nf3 Nc6 3. Bc4 Bc5 4. O-O Nf6 5. Nc3 O-O 6. d3 d6 7. h3 h6 8.
Be3 Be6 9. Bxc5 dxc5 10. Bxe6 fxe6 11. Na4 b6 12. Nc3 Qd6 13. Nb5 Qd7 14.
Qd2 a6 15. Nc3 Qd6 16. a4 Nd4 17. Nxd4 exd4 18. Ne2 e5 19. c3 dxc3 20. Nxc3
Nh5 21. Nd5 Rfe8 22. f4 exf4 23. Nxf4 Nxf4 24. Rxf4 Rad8 25. Rf3 Rxe4 26.
Rd1 Rd4 27. Re3 c4 28. Qc3 Rxd3 29. Rexd3 cxd3 30. Qb3+ Kh8 31. Qf7 Qc5+
32. Qf2 Qxf2+ 33. Kxf2 c5 34. Ke3 c4 35. Kd2 b5 36. axb5 axb5 37. Kc3 Rb8
38. b3 Rc8 39. bxc4 bxc4 40. Rd2 Kh7 41. Rd1 Kg6 42. Rf1 Kg5 43. g3 h5 44.
Rf4 g6 45. h4+ Kh6 46. Rf1 g5 47. Rf6+ Kg7 48. hxg5 Rd8 49. Rf2 Kg6 50.
Kxc4 d2 51. Rf6+ Kxg5 { White forfeits on time } 0-1